[Event "*** Qualifier 2: Titled Tuesday 3|2 Blitz"]
[Site "Chess.com"]
[Date "2017.04.11"]
[Round "3"]
[White "Witik"]
[Black "Keranke"]
[Result "1-0"]
[WhiteElo "2506"]
[BlackElo "2660"]
[TimeControl "180+2"]
[EndTime "13:35:15 PDT"]
[Termination "Witik won by resignation"]

1. d4 g6 2. e4 Bg7 3. Nc3 d6 4.
h3 a6 5. a4 b6 6. Nf3 Bb7 7.
Bd3 c5 8. d5 Nf6 9. O-O O-O 10.
Re1 Nbd7 11. Bg5 Qc7 12. Bf1 Rfe8 13. Qd2 e6 14. Bc4 exd5 15. exd5 Rxe1+ 16. Rxe1 Re8 17. Re3 Qc8 18. Qe2 Rxe3 19. Qxe3 b5 20. axb5 Nb6 21. bxa6 Nxc4 22. axb7 Qxb7 23. Qf4 Qxb2 24. Bxf6 Bxf6 25. Qxf6 h6 26. g3 Qxc2 27. h4 h5 28. Ng5 Ne5 29.
Nce4 Qd1+ 30. Kg2 Qxd5 31. Qe7 Nc4 32. f3 Kg7 33. Qf6+ Kg8 34. Qd8+ Kg7 35. Qf6+ Kf8 36. Nh7+ Kg8 37. Qd8+ Kg7 38. Qf8+ 1-0

[Event "*** Qualifier 2: Titled Tuesday 3|2 Blitz"]
[Site "Chess.com"]
[Date "2017.04.11"]
[Round "3"]
[White "djano"]
[Black "MattyDPerrine"]
[Result "1-0"]
[WhiteElo "2294"]
[BlackElo "2268"]
[TimeControl "180+2"]
[EndTime "13:35:15 PDT"]
[Termination "djano won by resignation"]

1. d4 Nf6 2. Bf4 c5 3. d5 e6 4. c4 b5 5. dxe6 fxe6 6. cxb5 d5 7. e3 a6 8. bxa6 Bd6 9. Bb5+ Ke7 10. Bxd6+ Qxd6 11. Nf3 Ne4 12. O-O Qb6 13. a4 Bxa6 14. Nc3 Nxc3 15.
bxc3 Bxb5 16. axb5 Rxa1 17. Qxa1 c4 18. Nd4 Nd7 19.
Rb1 Nc5 20. Qa3 Rc8 21. h3 g6 22. Ra1 Rc7 23. Qa8 Kf6 24. Qd8+ Kg7 25. Ra8 Nd7 26. Nxe6+ 1-0

[Event "*** Qualifier 2: Titled Tuesday 3|2 Blitz"]
[Site "Chess.com"]
[Date "2017.04.11"]
[Round "3"]
[White "ViIIagra"]
[Black "Maitreia"]
[Result "1-0"]
[WhiteElo "2498"]
[BlackElo "2498"]
[TimeControl "180+2"]
[EndTime "13:35:16 PDT"]
[Termination "ViIIagra won by resignation"]

1. e4 c5 2. Nf3 g6 3. d4 cxd4 4. Nxd4 Nc6 5. c4 Nf6 6. Nc3 Nxd4 7. Qxd4 d6 8. Be2 Bg7 9. Be3 O-O 10. Qd2 a5 11.
O-O Bd7 12. f3 Bc6 13. b3 Nd7 14. Rab1 Nc5 15. Nb5 Be5 16. Rfd1 h5 17. Qe1 b6 18. Qh4 e6 19. Bg5 f6 20. Bh6 Rf7 21. f4 Bxb5 22.
fxe5 Bc6 23. Rxd6 Qe8 24. Bf3 fxe5 25. Be3 Qf8 26. Rxc6 Rxf3 27. gxf3 Qxf3 28. Bxc5 bxc5 29. Rf1 Qe3+ 30. Qf2 Qxe4 31. Qf7+ Kh8 32. Qf6+ Kg8 33.
Qxe6+ Kh8 34. Qf6+ Kh7 35. Rc7+ Kh6 36. Qf3 Qd4+ 37.
Kh1 Re8 38. Re1 e4 39. Qe3+ g5 40. Qxd4 cxd4 41. Rd7 d3 42. Rxd3 1-0

[Event "*** Qualifier 2: Titled Tuesday 3|2 Blitz"]
[Site "Chess.com"]
[Date "2017.04.11"]
[Round "3"]
[White "andreimacovei2000"]
[Black "jcgs1030"]
[Result "1-0"]
[WhiteElo "2410"]
[BlackElo "2286"]
[TimeControl "180+2"]
[EndTime "13:35:18 PDT"]
[Termination "andreimacovei2000 won by resignation"]

1. e4 c5 2. Nf3 d6 3. d4 cxd4 4.
Nxd4 Nf6 5. Nc3 a6 6. f3 e5 7. Nb3 Be7 8. Be3 Be6 9. Qd3 O-O 10. O-O-O Qc7 11. g4 Rc8 12. g5 Nh5 13. h4 Nd7 14. Rg1 b5 15. Kb1 Nb6 16. Qd2 b4 17. Nd5 Bxd5 18. exd5 a5 19. Bb5 a4 20. Nc1 a3 21.
b3 Nxd5 22. Bc4 Nc3+ 23. Ka1 Bf8 24. Ne2 Nxd1 25. Rxd1 g6 26. Kb1 Rab8 27. Qd5 Ng7 28. Ng3 Ne6 29. Ne4 Be7 30. h5 Qc6 31. Qd2 Qd7 32. Bd5 Rb5 33. hxg6 hxg6 34. Rh1 Rxd5 35. Qxd5 Qc6 36. Qd2 Bf8 37. Nf6+ 1-0

[Event "*** Qualifier 2: Titled Tuesday 3|2 Blitz"]
[Site "Chess.com"]
[Date "2017.04.11"]
[Round "3"]
[White "alturas_pacificas"]
[Black "Infernal_XaM"]
[Result "0-1"]
[WhiteElo "2129"]
[BlackElo "2738"]
[TimeControl "180+2"]
[EndTime "13:35:25 PDT"]
[Termination "Infernal_XaM won by resignation"]

1. d4 Nf6 2. Bf4 e6 3. e3 c5 4. c3 Nc6 5. Nd2 d5 6. Ngf3 Nh5 7. Be5 f6 8. Bg3 Qb6 9. Rb1 Bd7 10. Ne5 fxe5 11.
Qxh5+ g6 12. dxc5 Qxc5 13. Qd1 Bg7 14. Be2 O-O 15. O-O Qe7 16. e4 Rad8 17. Re1 Kh8 18. exd5 exd5 19. Bg4 Bf5 20. Bxf5 gxf5 21. Qh5 Rd6 22.
Qh4 Qd7 23. f3 Rh6 24. Qa4 f4 25. Bf2 Rg8 26. Nf1 Bf6 27. Qc2 Qh3 28. Bc5 Rhg6 29.
Re2 Qxf3 30. Rf2 Qg4 31. Rd1 Qe6 32. Qd2 Rd8 33. Kh1 b6 34. Ba3 Bg5 35. Qe2 e4 36. b3 Ne5 37. Bc1 e3 38. Rf3 Nxf3 39. Qxf3 Qe4 40.
Qxe4 dxe4 41. Rxd8+ Bxd8 42. g3 Rd6 43. gxf4 Rd1 0-1

[Event "*** Qualifier 2: Titled Tuesday 3|2 Blitz"]
[Site "Chess.com"]
[Date "2017.04.11"]
[Round "3"]
[White "pastouche06"]
[Black "nonscitis"]
[Result "1-0"]
[WhiteElo "2302"]
[BlackElo "2357"]
[TimeControl "180+2"]
[EndTime "13:35:31 PDT"]
[Termination "pastouche06 won by resignation"]

1. c4 Nf6 2. Nc3 c5 3. g3 g6 4. Bg2 Bg7 5. Nf3 O-O 6. O-O Nc6 7. d4 cxd4 8. Nxd4 Qa5 9. Nb3 Qh5 10. c5 d6 11. cxd6 exd6 12. e4 Bg4 13. f3 Bh3 14. Bf4 Bxg2 15. Kxg2 g5 16. g4 Qg6 17. Bg3 Rfd8 18. Qd2 Ne5 19. Rad1 Nc4 20. Qe2 Rac8 21. Nd4 Ne8 22. Nf5 Bf8 23. Nd5 Nf6 24. Nde7+ Bxe7 25. Nxe7+ Kg7 26. Nxg6 hxg6 27. b3 Ne5 28.
Rc1 Nc6 29. Qb2 Re8 30. h4 Ne5 31. hxg5 Rxc1 32. gxf6+ Kxf6 1-0

[Event "*** Qualifier 2: Titled Tuesday 3|2 Blitz"]
[Site "Chess.com"]
[Date "2017.04.11"]
[Round "3"]
[White "Iball95"]
[Black "Robin-Side"]
[Result "0-1"]
[WhiteElo "2535"]
[BlackElo "2409"]
[TimeControl "180+2"]
[EndTime "13:35:32 PDT"]
[Termination "Robin-Side won by resignation"]

1. e4 c5 2. Nf3 Nc6 3. Bb5 g6 4.
Bxc6 dxc6 5. d3 Bg7 6. h3 Nf6 7. Nc3 Nd7 8. Be3 e5 9. Qd2 h6 10. a3 Qe7 11. O-O Nf8 12. b4 Ne6 13. bxc5 Nxc5 14.
Nxe5 Qxe5 15. d4 Nxe4 16. dxe5 Nxd2 17. Bxd2 O-O 18. f4 Bf5 19. Ra2 h5 20. Ne2 Rfd8 21.
Be3 b6 22. Nd4 Be4 23. a4 Bf8 24. c3 c5 25. Nb5 a6 26. Nd6 Bxd6 27. exd6 Rxd6 28.
a5 Rd3 29. Re1 Bd5 30. Ra3 Re8 31. Kf2 b5 32. Bxc5 Rd2+ 33. Kf1 Bxg2+ 0-1

[Event "*** Qualifier 2: Titled Tuesday 3|2 Blitz"]
[Site "Chess.com"]
[Date "2017.04.11"]
[Round "3"]
[White "hermionegrangermagic"]
[Black "saraswathii"]
[Result "0-1"]
[WhiteElo "2291"]
[BlackElo "2191"]
[TimeControl "180+2"]
[EndTime "13:35:33 PDT"]
[Termination "saraswathii won on time"]

1. e4 c5 2. Nf3 e6 3. d4 cxd4 4.
Nxd4 Nf6 5. Nc3 Nc6 6. Ndb5 Bb4 7. a3 Bxc3+ 8. Nxc3 d5 9. Bd3 d4 10. Ne2 e5 11.
O-O O-O 12. f4 exf4 13. Bxf4 Ng4 14. Qe1 Be6 15. Qg3 f6 16. Rad1 a5 17. Bc7 Qd7 18. Bf4 Nge5 19. Bb5 Bc4 20. Rxd4 Nxd4 21. Nxd4 Qxd4+ 22.
Be3 Qxe4 23. Rf4 Qxc2 24. Bxc4+ Nxc4 25. Rg4 Rf7 26. Bh6 Qb1+ 27. Kf2 Qxb2+ 28. Kg1 f5 29. Rxc4 Qb6+ 30. Be3 Qb3 31. Rf4 Re8 32. Rf3 Qd1+ 33.
Rf1 Qd3 34. Rf3 f4 35. Bxf4 Qd4+ 36. Be3 Rxf3 37. Qxf3 Rxe3 0-1

[Event "*** Qualifier 2: Titled Tuesday 3|2 Blitz"]
[Site "Chess.com"]
[Date "2017.04.11"]
[Round "3"]
[White "OparinGrigoriy"]
[Black "tigra"]
[Result "1-0"]
[WhiteElo "2640"]
[BlackElo "2605"]
[TimeControl "180+2"]
[EndTime "13:35:36 PDT"]
[Termination "OparinGrigoriy won by resignation"]

1. e4 e6 2. d4 d5 3. Nc3 Bb4 4. e5 Ne7 5. a3 Bxc3+ 6. bxc3 c5 7. Nf3 Bd7 8. a4 Qc7 9. Be2 Nbc6 10.
O-O f6 11. exf6 gxf6 12. c4 O-O-O 13. dxc5 Rhg8 14. g3 h5 15. Bb2 d4 16. Nxd4 Nxd4 17. Qxd4 Nf5 18. Qxf6 Nxg3 19. fxg3 Rxg3+ 20. Kf2 Rdg8 21. Qe5 Rg2+ 22. Ke1 Qa5+ 23. Bc3 Qa6 24. Rd1 Qxa4 25.
c6 Bxc6 26. Qxe6+ Bd7 27. Qe7 Re8 28. Rf8 Rxe2+ 29. Kxe2 Qxc2+ 30. Rd2 Bg4+ 31. Kf2 Qf5+ 32. Rxf5 Rxe7 33. Rc5+ Rc7 34. Rxc7+ Kxc7 35. Ke3 1-0

[Event "*** Qualifier 2: Titled Tuesday 3|2 Blitz"]
[Site "Chess.com"]
[Date "2017.04.11"]
[Round "3"]
[White "feigelag"]
[Black "talaicito"]
[Result "1-0"]
[WhiteElo "2164"]
[BlackElo "2046"]
[TimeControl "180+2"]
[EndTime "13:35:43 PDT"]
[Termination "feigelag won on time"]

1. d4 e6 2. c4 f5 3. g3 Nf6 4. Bg2 Be7 5. Nf3 O-O 6. O-O d6 7.
b4 a5 8. b5 Nbd7 9. Bb2 Nb6 10.
Nbd2 a4 11. Rc1 a3 12. Ba1 Ne4 13. Qc2 d5 14. c5 Na4 15. Ne5 Bd7 16. Rb1 Bf6 17.
Ndf3 g5 18. Nd3 Ra5 19. Nfe5 Be8 20. f3 Bxe5 21. dxe5 Rxb5 22. Rxb5 Bxb5 23. fxe4 dxe4 24. Nb4 c6 25. Rd1 Qe7 26. Rd6 Re8 27. Bd4 Qc7 28. Qb3 Kf7 29. Bh3 g4 30. Bf1 Re7 31. Qxa3 Qa5 32. Qb3 Ba6 33. Nxa6 bxa6 34. Rxc6 1-0

[Event "*** Qualifier 2: Titled Tuesday 3|2 Blitz"]
[Site "Chess.com"]
[Date "2017.04.11"]
[Round "3"]
[White "GrigorGrigorov"]
[Black "GM_Splinter"]
[Result "1-0"]
[WhiteElo "2499"]
[BlackElo "2343"]
[TimeControl "180+2"]
[EndTime "13:35:44 PDT"]
[Termination "GrigorGrigorov won by resignation"]

1. d4 f5 2. g3 Nf6 3. Bg2 g6 4.
Nf3 Bg7 5. O-O O-O 6. Nbd2 d6 7. Re1 Qe8 8. e4 e5 9. dxe5 dxe5 10. exf5 Nc6 11. fxg6 hxg6 12. c3 Bf5 13. Ng5 Kh8 14. Nde4 Rd8 15. Qb3 Na5 16. Qb4 b6 17. Nxf6 Rxf6 18.
Qh4+ Kg8 19. Qh7+ Kf8 20. Ne4 Bxe4 21. Bxe4 Rdd6 22. Bg5 Rfe6 23. Re3 Qf7 24. Rf3 Bf6 25. Qh6+ Qg7 26. Bxg6 Qxh6 27. Bxh6+ Ke7 28. Be4 Bh8 29. Bf8+ Ke8 30. Bxd6 Rxd6 31. Rd3 Nc4 32. b3 Nd2 33. Rxd6 cxd6 34. Bd5 e4 35. Rc1 Ke7 36. Kg2 Kf6 37. Rd1 1-0

[Event "*** Qualifier 2: Titled Tuesday 3|2 Blitz"]
[Site "Chess.com"]
[Date "2017.04.11"]
[Round "3"]
[White "Entilza"]
[Black "Winehouse83"]
[Result "0-1"]
[WhiteElo "2171"]
[BlackElo "2317"]
[TimeControl "180+2"]
[EndTime "13:35:45 PDT"]
[Termination "Winehouse83 won by resignation"]

1. d4 Nf6 2. c4 g6 3. Nc3 Bg7 4.
e4 d6 5. Nf3 O-O 6. Be2 e5 7.
O-O Nc6 8. d5 Ne7 9. Ne1 Ne8 10.
Nd3 f5 11. f4 exf4 12. Bxf4 fxe4 13. Nxe4 Nf5 14. Qd2 Nd4 15. Ng5 Nf6 16. Rae1 h6 17.
Ne6 Nxe6 18. dxe6 Bxe6 19. Bxh6 Bxc4 20. Bxg7 Kxg7 21. Nf4 Bf7 22. Bf3 c6 23. Ne6+ Bxe6 24. Rxe6 d5 25. Rfe1 Qb6+ 26. Kh1 Rae8 27. Re7+ Rxe7 28.
Rxe7+ Rf7 29. Rxf7+ Kxf7 30. g4 Qa6 31. Kg2 Qxa2 32. g5 Nd7 33. Bg4 Ke7 34. Qe3+ Kd8 35. Qe6 Qxb2+ 36. Kh1 Qc1+ 37. Kg2 Qd2+ 38. Kg1 Qd4+ 39.
Kg2 Qe4+ 40. Qxe4 dxe4 41. h4 Ne5 0-1

[Event "*** Qualifier 2: Titled Tuesday 3|2 Blitz"]
[Site "Chess.com"]
[Date "2017.04.11"]
[Round "3"]
[White "Gabix_94"]
[Black "igorkovalenko"]
[Result "1/2-1/2"]
[WhiteElo "2518"]
[BlackElo "2652"]
[TimeControl "180+2"]
[EndTime "13:35:48 PDT"]
[Termination "Game drawn by repetition"]

1. e4 c6 2. d4 d5 3. Nd2 dxe4 4.
Nxe4 Nd7 5. Ng5 Ngf6 6. Bd3 e6 7. N1f3 Bd6 8. Qe2 h6 9. Ne4 Nxe4 10. Qxe4 Nf6 11. Qe2 Qc7 12. Bd2 b6 13. Ne5 Bb7 14.
O-O-O O-O-O 15. Rhe1 Kb8 16. f4 Rhe8 17. Kb1 c5 18. Bb5 Rf8 19. dxc5 Bxc5 20. g3 Nd5 21. a3 Bd4 22. c3 Bxe5 23. Qxe5 Qxe5 24. Rxe5 Rd6 25.
Kc1 Rfd8 26. Ree1 Nf6 27. Be3 Rxd1+ 28. Rxd1 Rxd1+ 29. Kxd1 Bf3+ 30. Ke1 Ng4 31. Bd4 Nxh2 32. Bxg7 h5 33. Be8 f5 34. Bf7 Bg4 35. Bxe6 Kc7 36.
Be5+ Kc6 37. Kf2 Nf3 38. c4 Nd2 39. Bd5+ Kd7 40. b4 Ne4+ 41. Kg2 Kc8 42. Be6+ Kb7 43. Bd5+ Kc8 44. Bc6 Be2 45. Bd5 Bg4 1/2-1/2

[Event "*** Qualifier 2: Titled Tuesday 3|2 Blitz"]
[Site "Chess.com"]
[Date "2017.04.11"]
[Round "3"]
[White "aa175"]
[Black "XiaoKangZhong"]
[Result "1/2-1/2"]
[WhiteElo "1858"]
[BlackElo "1924"]
[TimeControl "180+2"]
[EndTime "13:35:48 PDT"]
[Termination "Game drawn by repetition"]

1. e4 c5 2. Nf3 d6 3. d4 cxd4 4.
Nxd4 Nf6 5. Nc3 a6 6. Be3 e6 7. f3 b5 8. Qd2 Bb7 9. g4 Nfd7 10. h4 Nb6 11. g5 N8d7 12. a3 Rc8 13. Rg1 Ne5 14. f4 Nec4 15. Qc1 Nxe3 16. Qxe3 Nc4 17. Bxc4 Rxc4 18. f5 Qb6 19. fxe6 Qxd4 20. exf7+ Kd8 21. Qxd4 Rxd4 22. Kf2 Bxe4 23. Ke3 Rc4 24.
Nxe4 Rxc2 25. Rad1 Rxb2 26. Nxd6 Bxd6 27. Rxd6+ Ke7 28. Rxa6 Kxf7 29. Rf1+ Ke7 30. Ra7+ Kd6 31. Rxg7 Rb3+ 32. Kd4 Re8 33. Rf6+ Re6 34. Rxe6+ Kxe6 35. Rxh7 Rxa3 36. Rh6+ Kf7 37. Rf6+ Kg7 38. Rb6 Ra4+ 39.
Ke5 Rxh4 40. Rxb5 Ra4 41. Kf5 Ra6 42. Rb7+ Kg8 43. Kg4 Rc6 44. Kh5 Ra6 45. g6 Ra1 46. Kg5 Rg1+ 47. Kf6 Rf1+ 48. Kg5 Rg1+ 49. Kf5 Rf1+ 50.
Kg5 Rg1+ 51. Kf5 Rf1+ 52. Ke6 Re1+ 53. Kf5 Rf1+ 54. Kg5 Rg1+ 55. Kf6 Rf1+ 56. Kg5 Rg1+ 1/2-1/2

[Event "*** Qualifier 2: Titled Tuesday 3|2 Blitz"]
[Site "Chess.com"]
[Date "2017.04.11"]
[Round "3"]
[White "Kacparov"]
[Black "Aygehovit1992"]
[Result "1-0"]
[WhiteElo "2577"]
[BlackElo "2431"]
[TimeControl "180+2"]
[EndTime "13:35:49 PDT"]
[Termination "Kacparov won by resignation"]

1. e4 g6 2. d4 Bg7 3. Nc3 d6 4. f4 Nc6 5. Be3 Nf6 6. Be2 d5 7. e5 Ne4 8. Nxe4 dxe4 9. c3 O-O 10. Qb3 a5 11. a4 b6 12. Bc4 e6 13. Ne2 Ne7 14.
Ng3 Bb7 15. O-O h5 16. Qc2 Nf5 17. Nxf5 exf5 18. Rad1 c6 19. Qb3 Ba6 20. Bxa6 Rxa6 21. d5 cxd5 22. Rxd5 Qc8 23. Rfd1 Bh6 24. Qb5 h4 25. h3 Ra7 26. Rd6 Rb7 27. Rc6 Qe8 28. Rdd6 Rd7 29. Rxb6 Rxd6 30. Rxd6 Qc8 31. Qd5 Re8 32.
Rxg6+ Bg7 33. Rd6 Qb8 34. Rd7 Rf8 35. e6 Qxb2 36. e7 Re8 37. Rd8 Qa1+ 38. Kh2 Qxa4 39.
Qa8 1-0

[Event "*** Qualifier 2: Titled Tuesday 3|2 Blitz"]
[Site "Chess.com"]
[Date "2017.04.11"]
[Round "3"]
[White "GMHess"]
[Black "jcibarra"]
[Result "1-0"]
[WhiteElo "2617"]
[BlackElo "2645"]
[TimeControl "180+2"]
[EndTime "13:35:53 PDT"]
[Termination "GMHess won by resignation"]

1. d4 Nf6 2. c4 e6 3. Nc3 Bb4 4.
Qc2 d5 5. a3 Bxc3+ 6. Qxc3 dxc4 7. Qxc4 b6 8. Bf4 O-O 9. Bxc7 Qd7 10. Bxb8 Rxb8 11. Nf3 Bb7 12. Ne5 Qd6 13. e3 Rfc8 14.
Qb4 Qxb4+ 15. axb4 Rc2 16. Bd3 Rxb2 17. O-O Rxb4 18.
Rxa7 g6 19. Rc1 Nd5 20. h3 Kg7 21. Be4 Nf4 22. exf4 Bxe4 23. Rxf7+ Kg8 24. Rcc7 g5 25. fxg5 Rxd4 26. Ng4 Rd1+ 27. Kh2 1-0

[Event "*** Qualifier 2: Titled Tuesday 3|2 Blitz"]
[Site "Chess.com"]
[Date "2017.04.11"]
[Round "3"]
[White "SmoothAsAHedgehog"]
[Black "Gabrielian_Artur"]
[Result "0-1"]
[WhiteElo "2520"]
[BlackElo "2620"]
[TimeControl "180+2"]
[EndTime "13:35:55 PDT"]
[Termination "Gabrielian_Artur won by resignation"]

1. Nf3 Nf6 2. c4 g6 3. g3 Bg7 4. Bg2 O-O 5. O-O d5 6. cxd5 Nxd5 7. Nc3 Nc6 8. Qc2 Nb6 9. d3 e5 10. a3 Nd4 11. Nxd4 exd4 12. Ne4 h6 13. b4 Nd5 14.
Bb2 c6 15. Nc5 Re8 16. Rfe1 a5 17. Qb3 axb4 18. axb4 Rxa1 19. Bxa1 b6 20. Ne4 Be6 21. Qa4 f5 22. Nd2 b5 23. Qa3 Qd6 24. Rb1 Nc3 25.
Bxc3 dxc3 26. Nb3 Bf7 27. Bf3 g5 28. h3 h5 29. Nc5 g4 30. hxg4 hxg4 31. Bg2 Rxe2 32.
Rc1 Bd4 33. Qa8+ Kg7 34. Rf1 c2 35. Qa3 Qxg3 36. Ne4 fxe4 0-1

[Event "*** Qualifier 2: Titled Tuesday 3|2 Blitz"]
[Site "Chess.com"]
[Date "2017.04.11"]
[Round "3"]
[White "Vamostodorecto"]
[Black "ruvat"]
[Result "1-0"]
[WhiteElo "2340"]
[BlackElo "2206"]
[TimeControl "180+2"]
[EndTime "13:35:57 PDT"]
[Termination "Vamostodorecto won on time"]

1. d4 d6 2. c4 e5 3. Nf3 e4 4. Ng5 Nf6 5. Nc3 Qe7 6. g3 h6 7.
Nh3 g6 8. Bg2 Bg7 9. Nf4 c6 10.
e3 Bf5 11. O-O Na6 12. a3 Nc7 13. b4 O-O 14. Bb2 d5 15. c5 g5 16. Nfe2 Qd7 17. a4 a6 18. Qb3 Bg4 19. Rab1 Bf3 20. Ba1 Qg4 21. Qc2 Bxg2 22. Kxg2 Qf3+ 23. Kg1 Ne6 24. Nc1 g4 25. b5 Ng5 26. Rd1 Nh3+ 27. Kf1 Qh1+ 28.
Ke2 Qxh2 29. Rf1 1-0

[Event "*** Qualifier 2: Titled Tuesday 3|2 Blitz"]
[Site "Chess.com"]
[Date "2017.04.11"]
[Round "3"]
[White "Sven_Tica"]
[Black "Rating-Schmating"]
[Result "0-1"]
[WhiteElo "2383"]
[BlackElo "2257"]
[TimeControl "180+2"]
[EndTime "13:36:01 PDT"]
[Termination "Rating-Schmating won on time"]

1. d4 Nf6 2. c4 e6 3. g3 d5 4. Nf3 c5 5. cxd5 Qxd5 6. Nc3 Qd8 7.
Bg2 Nc6 8. O-O cxd4 9. Nb5 Bc5 10. Bf4 Nd5 11. Nfxd4 Nxd4 12. Bxd5 Nxb5 13. Bc4 Nd4 14.
e3 Nc6 15. Qh5 Qe7 16. Bg5 Qc7 17. Rfd1 Bd7 18. Rac1 Be7 19. Bf4 Qa5 20. Bb5 g6 21.
Qe2 a6 22. Bc4 Bf6 23. Bd6 Ne5 24. b4 Qb6 25. Bc5 Qc6 26. Bb3 Nf3+ 27. Kf1 Nxh2+ 28. Ke1 Qf3 29. Rxd7 Qxe2+ 30. Kxe2 Kxd7 31. Ba4+ b5 32. Rd1+ Kc7 33. Bc2 Rhd8 34. Rh1 Ng4 35. Rxh7 Rd7 36. f4 Rh8 0-1

[Event "*** Qualifier 2: Titled Tuesday 3|2 Blitz"]
[Site "Chess.com"]
[Date "2017.04.11"]
[Round "3"]
[White "GMMarcinDziuba"]
[Black "DagurR"]
[Result "1-0"]
[WhiteElo "2539"]
[BlackElo "2438"]
[TimeControl "180+2"]
[EndTime "13:36:07 PDT"]
[Termination "GMMarcinDziuba won by resignation"]

1. d4 f5 2. Nc3 Nf6 3. Bg5 g6 4.
f3 d5 5. e4 dxe4 6. fxe4 Bg7 7.
e5 Nd5 8. Nxd5 Qxd5 9. Ne2 Nc6 10. Qd2 h6 11. Be3 g5 12. Nc3 Qa5 13. Bc4 f4 14. Bf2 Bf5 15. O-O O-O-O 16. b4 Qa3 17. Rab1 Nxe5 18.
Bb5 Nc6 19. Rb3 Qxb3 20. axb3 Nxd4 21. Bd3 Bg4 22. h3 Bh5 23. Qe1 Bf7 24. Nb5 Nxb5 25.
Bxb5 e5 26. Bd3 Be6 27. Be4 Bd5 28. Bxd5 Rxd5 29. Qe4 Rhd8 30. c4 Rd3 31. b5 Kb8 32.
Ra1 Rd1+ 33. Rxd1 Rxd1+ 34. Kh2 a6 35. Qg6 1-0

[Event "*** Qualifier 2: Titled Tuesday 3|2 Blitz"]
[Site "Chess.com"]
[Date "2017.04.11"]
[Round "3"]
[White "stepanosinovsky"]
[Black "dhanushbharadwaj"]
[Result "0-1"]
[WhiteElo "2186"]
[BlackElo "2316"]
[TimeControl "180+2"]
[EndTime "13:36:19 PDT"]
[Termination "dhanushbharadwaj won on time"]

1. g3 Nf6 2. Bg2 g6 3. Nf3 Bg7 4. O-O O-O 5. d3 d5 6. Nbd2 c5 7. e4 Nc6 8. Re1 dxe4 9. dxe4 Bg4 10. h3 Bxf3 11. Qxf3 e6 12. c3 Qc7 13. Qe2 Rad8 14.
a4 Ne5 15. Nc4 Nd3 16. Rd1 Nxc1 17. Raxc1 Bh6 18. f4 Nh5 19. Qf2 Nxg3 20. Qxg3 Bxf4 21. Qf3 Bxc1 22. Rxc1 a6 23. a5 Qe7 24. e5 Qg5 25.
Rf1 Rd7 26. Qg4 Qh6 27. Kh2 Qg7 28. Be4 f5 29. exf6 Rxf6 30. Rxf6 Qxf6 31. Qg2 Qf4+ 32. Qg3 Qxe4 33. Qb8+ Kg7 0-1

[Event "*** Qualifier 2: Titled Tuesday 3|2 Blitz"]
[Site "Chess.com"]
[Date "2017.04.11"]
[Round "3"]
[White "Hikaru"]
[Black "Indianlad"]
[Result "1-0"]
[WhiteElo "2913"]
[BlackElo "2587"]
[TimeControl "180+2"]
[EndTime "13:36:31 PDT"]
[Termination "Hikaru won by resignation"]

1. c4 Nf6 2. Nc3 g6 3. e4 Bg7 4. g3 O-O 5. Bg2 c5 6. Nge2 Nc6 7. d3 d6 8. O-O Bg4 9. h3 Bxe2 10. Qxe2 Nd7 11.
f4 a6 12. Kh2 Rb8 13. Qf2 Nd4 14. Be3 b5 15. cxb5 axb5 16. Rae1 b4 17. Na4 b3 18. axb3 Rxb3 19. Rd1 Qb8 20. Rd2 Nb5 21. e5 dxe5 22.
Bd5 Rb4 23. Nxc5 Qd6 24. Nxd7 Qxd7 25. Bc5 exf4 26. Bxb4 fxg3+ 27. Qxg3 Qxd5 28. Qf3 Qd7 29. Qe4 Re8 30. Qc4 Bf6 31. Bc5 Qc7+ 32. Kg2 Qc6+ 33. Rf3 Rc8 34. b4 Qd7 35. Qg4 Qb7 36. Qe4 Qd7 37. d4 Nd6 38. Qd5 Rd8 39. Bxd6 Qa4 40. Qa5 Qxa5 41. bxa5 Rxd6 42. d5 Ra6 43. Ra3 Be5 44.
Rc2 Bd6 45. Rc6 Ra7 46. Ra2 Kg7 47. a6 Kf6 48. Re2 h5 49. Kf3 Ra8 50. Ke4 Rb8 51. Rf2+ Kg7 52. Ra2 Rb4+ 53. Kd3 Bb8 54. a7 Bxa7 55.
Rxa7 Rb3+ 56. Ke2 Rxh3 57. Rxe7 1-0

[Event "*** Qualifier 2: Titled Tuesday 3|2 Blitz"]
[Site "Chess.com"]
[Date "2017.04.11"]
[Round "3"]
[White "Abrito99"]
[Black "proxy6"]
[Result "0-1"]
[WhiteElo "2326"]
[BlackElo "2231"]
[TimeControl "180+2"]
[EndTime "13:36:31 PDT"]
[Termination "proxy6 won by resignation"]

1. e4 e5 2. Nf3 Nc6 3. Bc4 Bc5 4. c3 Nf6 5. d3 a6 6. O-O Ba7 7. Nbd2 O-O 8. h3 d6 9. Bb3 Be6 10. Re1 h6 11. Nf1 Ne7 12. Ng3 Ng6 13. d4 c6 14.
Bc2 Qc7 15. Be3 Rfe8 16. Qd2 Kh7 17. Nf5 Rad8 18. Rad1 Bxf5 19. exf5 Nf8 20. dxe5 dxe5 21. Qe2 Bxe3 22. Qxe3 Rxd1 23. Rxd1 N8d7 24. Nd2 Kh8 25. Re1 Nd5 26. Qg3 N7f6 27. Nc4 Nf4 28. Re3 N6d5 29. Re4 b5 30. Ne3 Ne2+ 0-1

[Event "*** Qualifier 2: Titled Tuesday 3|2 Blitz"]
[Site "Chess.com"]
[Date "2017.04.11"]
[Round "3"]
[White "jncool68"]
[Black "ftorodent"]
[Result "0-1"]
[WhiteElo "2499"]
[BlackElo "2507"]
[TimeControl "180+2"]
[EndTime "13:36:33 PDT"]
[Termination "ftorodent won on time"]

1. e4 e6 2. d4 d5 3. Nc3 Bb4 4. e5 Ne7 5. Bd2 O-O 6. a3 Bxc3 7. Bxc3 b6 8. f4 Ba6 9. Bxa6 Nxa6 10. Nf3 c5 11. O-O Rc8 12. g4 Qd7 13. Qd3 Nc7 14. b4 Nb5 15. bxc5 bxc5 16. Bb2 c4 17. Qe3 c3 18.
Bc1 Rc4 19. a4 Nc7 20. Ba3 Rc8 21. f5 exf5 22. Bxe7 f4 23. Qxf4 Qxe7 24. Rad1 Ne6 25. Qe3 Rxa4 26. h4 h6 27. g5 h5 28. Rd3 g6 29.
Rxc3 Rxc3 30. Qxc3 Rc4 31. Qb3 Nxd4 32. Nxd4 Rxd4 33.
Qb8+ Kg7 34. Rf6 Rg4+ 35. Kf1 Qc5 36. e6 Qg1+ 37. Ke2 Re4+ 38. Kf3 Re3+ 0-1

[Event "*** Qualifier 2: Titled Tuesday 3|2 Blitz"]
[Site "Chess.com"]
[Date "2017.04.11"]
[Round "3"]
[White "chessking2151"]
[Black "keisyzrk"]
[Result "1-0"]
[WhiteElo "2354"]
[BlackElo "2270"]
[TimeControl "180+2"]
[EndTime "13:36:35 PDT"]
[Termination "chessking2151 won by checkmate"]

1. e4 d5 2. exd5 Nf6 3. d4 Bg4 4.
f3 Bf5 5. c4 e6 6. Nc3 exd5 7.
g4 Be6 8. g5 Ng8 9. Qb3 Ne7 10.
Qxb7 Nbc6 11. Nb5 Rc8 12. Bf4 Kd7 13. c5 Rb8 14. Qa6 Qc8 15. Qa4 Ng6 16. Nxa7 Qb7 17. Bb5 Qxb5 18. Nxb5 Nxf4 19. Na7 Nd3+ 20. Kd2 Nb4 21.
a3 Ra8 22. axb4 Rxa7 23. Qxa7 Nxa7 24. Rxa7 Be7 25. Ne2 Bxg5+ 26. Kc3 Rb8 27. f4 Bf6 28. Rha1 h5 29. Ng3 g6 30. f5 gxf5 31. Rf1 h4 32.
Nxf5 Rg8 33. Ne3 Bd8 34. b5 Kc8 35. b4 h3 36. c6 Kb8 37. Rfa1 Bc8 38. Ra8# 1-0

[Event "*** Qualifier 2: Titled Tuesday 3|2 Blitz"]
[Site "Chess.com"]
[Date "2017.04.11"]
[Round "3"]
[White "Grebeniuk-S"]
[Black "Sanan_Sjugirov"]
[Result "0-1"]
[WhiteElo "2401"]
[BlackElo "2682"]
[TimeControl "180+2"]
[EndTime "13:36:41 PDT"]
[Termination "Sanan_Sjugirov won by checkmate"]

1. d4 Nf6 2. Nf3 e6 3. e3 b6 4. Bd3 Bb7 5. Nbd2 d5 6. O-O Bd6 7. b3 O-O 8. Bb2 Nbd7 9. c4 Qe7 10. Rc1 c5 11. Qe2 Rfe8 12. Ne5 Nf8 13. f4 Rac8 14. dxc5 Bxc5 15. Ndf3 dxc4 16. Bxc4 Ng6 17. Ng5 Rf8 18.
Nexf7 Rxf7 19. Bxe6 Rf8 20. Bxf7+ Rxf7 21. Nxf7 Kxf7 22.
Rce1 Kf8 23. Kh1 Ne4 24. Bd4 Nh4 25. Qg4 Bxd4 26. exd4 Nf2+ 27. Kg1 Nxg4 28. Rxe7 Kxe7 29. h3 Nf6 30. g3 Nf5 31. g4 Nxd4 32. Rd1 Ne2+ 33.
Kf2 Nxf4 34. Kg3 Ne6 35. a4 Ne4+ 36. Kh4 Nf4 37. Re1 g5# 0-1